Map: Rooftop Terrace

Players

Yesir - Winner!

  • Race: Terran Terran
  • Spawn Location: 6:00

Ruthless - Winner!

  • Race: Protoss Protoss
  • Spawn Location: 6:00

dagame - Winner!

  • Race: Terran Terran
  • Spawn Location: 7:00

shadowblades - Winner!

  • Race: Protoss Protoss
  • Spawn Location: 5:00

brad

  • Race: Protoss Protoss
  • Spawn Location: 1:00

Winthrowe

  • Race: Terran Terran
  • League: Silver
  • Spawn Location: 11:00

Deiv

  • Race: Protoss Protoss
  • Spawn Location: 12:00

Grizzlemania

  • Race: Terran Terran
  • League: Silver
  • Spawn Location: 12:00

VOD

Have the link to the VOD?

Description

Time

  • Played on: Sept. 3, 2017, 5:49 p.m.
  • Length: 23:19
Show
View Real Time Build Order
Export as new Build Order

Yesir Terran - Winner!

Build Orders: MMM Bio 

Get SALT Encoding   

  12  0:03  SCV  
  13  0:15  SCV  
  14  0:23  Supply Depot  
  14  0:27  SCV  
  15  0:31  Supply Depot  
  15  0:48  Barracks  
  15  0:49  SCV  
  16  1:02  Barracks  
  16  1:06  SCV  
  17  1:17  Supply Depot  
  17  1:18  SCV  
  17  1:25  Refinery  
  18  1:30  SCV  
  19  1:34  Refinery  
  19  1:36  Marine  
  20  1:47  SCV  
  20  1:52  Marine  
  22  1:59  SCV  
  22  2:00  Engineering Bay  
  23  2:06  Marine  
  24  2:13  SCV  
  25  2:21  Factory  
  25  2:41  Barracks Tech Lab  
  25  2:44  Barracks Reactor  
  25  2:45  SCV  
  26  2:55  Missile Turret  
  26  2:57  Terran Infantry Weapons Level 1, SCV  
  27  3:05  Factory Tech Lab  
  27  3:10  Orbital Command  
  27  3:13  Stimpack  
  27  3:14  Marine  
  28  3:23  Marine  
  28  3:24  Marine  
  30  3:33  Siege Tank  
  33  3:57  Starport  
  33  4:25  Command Center  
  33  4:33  Starport Reactor  
  33  4:34  Barracks  
  33  4:45  Marine x2  
  35  4:57  Terran Infantry Armor Level 1  
  35  4:58  Marine  
  36  5:03  Marine x2  
  38  5:07  Supply Depot  
  38  5:11  SCV  
  38  5:14  Combat Shields  
  39  5:28  Marine  
  39  5:29  Barracks Reactor, Medivac x2  
  39  5:31  Marine  
  45  5:38  Missile Turret, Supply Depot  
  45  5:51  Barracks  
  45  5:54  Marine x2  
  47  6:01  Medivac x2  
  51  6:15  Orbital Command  
  51  6:18  SCV  
  51  6:20  Barracks  
  52  6:26  Marine  
  52  6:28  Marine  
  54  6:35  Marine  
  54  6:39  Marine  
  56  6:40  Concussive Shells  
  56  6:49  Supply Depot  
  56  6:53  Barracks Reactor  
  56  6:57  Marine  
  56  6:58  Marine  
  56  7:01  SCV  
  59  7:06  Medivac  
  61  7:08  Barracks Reactor  
  61  7:10  Medivac  
  61  7:13  Marine  
  61  7:14  Marine  
  65  7:21  Marine x2  
  67  7:27  Refinery  
  67  7:30  Refinery  
  67  7:34  Marine x2  
  67  7:35  Marine  
  70  7:37  Marine  
  70  7:38  Marine  
  70  7:40  Marine  
  73  8:01  Marine x7  
  73  8:04  Marine, Engineering Bay  
  81  8:15  SCV x2  
  83  8:20  Armory  
  83  8:22  Marine x2  
  83  8:25  Marine  
  86  8:48  Marine x2  
  86  8:49  Marine x5  
  93  8:57  Supply Depot  
  93  8:58  Supply Depot  
  45  9:40  Marine x5  
  45  9:41  Marine x4  
  53  9:57  Marine  
  53  9:58  Marine x5, Terran Infantry Weapons Level 2  
  53  9:59  Marine x3  
  62  10:00  Terran Infantry Armor Level 2  
  62  10:14  Barracks  
  62  10:22  Medivac  
  62  10:23  Barracks  
  64  10:31  Medivac  
  66  10:52  Missile Turret  
  66  10:54  Medivac  
  66  10:56  Marine x3  
  66  10:57  Marine x2  
  71  11:01  Medivac  
  72  11:25  Barracks Reactor x2  
  72  11:26  Supply Depot  
  72  11:28  Marine x3  
  72  11:29  Marine  
  72  11:32  Medivac x2  
  80  11:34  Marine  
  80  11:38  Marine  
  80  11:39  Marine  
  83  11:55  Marine x5  
  83  11:56  Marine  
  83  11:58  Marine  
  90  12:12  Marine x6  
  96  12:28  Widow Mine  
  98  12:44  Terran Infantry Weapons Level 3  
  98  12:50  Terran Infantry Armor Level 3  
  98  12:56  Widow Mine  
  100  13:04  Marine  
  100  13:05  Marine x5  
  105  13:06  Marine  
  105  13:25  Widow Mine  
  107  13:39  Marine x4  
  107  13:40  Marine x2  
  113  13:46  Marine x4  
  117  13:57  Widow Mine  
  117  13:58  Medivac x2  
  123  14:12  Marine  
  123  14:13  Marine x7  
  123  14:14  Marine  
  132  14:26  Marine x4, Widow Mine  
  132  14:30  Marine  
  139  14:39  Marine  
  139  14:42  Marine  
  141  14:57  Marine  
  142  15:27  Marine x2  
  142  15:39  Marine  
  142  15:40  Marine  
  142  15:43  Marine  
  142  15:47  Marine x2  
  142  15:51  Marine x2  
  89  16:25  Marine  
  89  16:26  Marine x8  
  89  16:27  Marine x3  
  89  16:29  Medivac x2  
  105  16:37  Marine  
  101  16:43  Marine x3  
  101  16:44  Marine x6  
  108  16:55  Marine  
  108  16:59  Marine x2  
  108  17:01  Marine x4  
  111  17:02  Marine x5  
  111  17:05  Medivac x2  
  124  17:13  Marine  
  113  17:17  Marine x2  
  113  17:19  Marine x6  
  113  17:20  Marine x3  
  118  17:30  Marine  
  118  17:35  Marine x2, Medivac x2  
  118  17:37  Marine x5  
  125  17:43  Marine x3  
  125  17:44  Marine  
  133  17:48  Marine  
  135  17:53  Marine x2  
  135  17:54  Marine  
  135  17:55  Marine x4  
  142  18:03  Supply Depot  
  142  18:07  Supply Depot  
  142  18:12  Orbital Command  
  142  18:24  Marine x4, Medivac x2  
  150  18:27  Marine  
  150  18:31  Marine x3  
  154  18:43  Marine  
  155  19:04  Marine x7  
  137  20:56  Marine x4  
  137  20:57  Marine x6  
  141  20:58  Marine x2  
  140  21:14  Marine x5  
  140  21:15  Marine x6  
  140  21:16  Marine  
  137  21:45  Marine  
  128  21:56  Marine  
Show
View Real Time Build Order
Export as new Build Order

Ruthless Protoss - Winner!

Build Orders: Double Forge 

Get SALT Encoding   

  12  0:13  Pylon  
  13  0:14  Probe (Chrono Boost)  
  13  0:24  Probe (Chrono Boost)  
  14  0:33  Gateway  
  14  0:36  Probe (Chrono Boost)  
  15  0:46  Assimilator  
  15  0:48  Probe (Chrono Boost)  
  16  0:59  Probe (Chrono Boost)  
  17  1:09  Probe (Chrono Boost)  
  18  1:17  Assimilator  
  18  1:20  Probe (Chrono Boost)  
  18  1:23  Cybernetics Core  
  19  1:28  Pylon  
  19  1:30  Probe (Chrono Boost)  
  20  1:41  Probe (Chrono Boost)  
  21  1:51  Probe (Chrono Boost)  
  21  1:53  Gateway  
  22  2:02  Probe (Chrono Boost)  
  23  2:29  Nexus  
  23  2:39  Probe (Chrono Boost)  
  24  2:45  Stalker  
  24  2:46  Stalker  
  24  2:50  Probe (Chrono Boost)  
  29  2:52  Pylon  
  29  2:53  Warp Gate (Chrono Boost)  
  29  3:01  Probe  
  30  3:11  Gateway  
  30  3:16  Pylon, Probe  
  31  3:27  Stalker  
  31  3:28  Probe  
  34  3:35  Stalker  
  36  3:42  Probe x2  
  38  3:52  Probe  
  38  3:54  Probe  
  40  4:03  Probe  
  40  4:06  Probe  
  42  4:17  Probe  
  42  4:18  Probe  
  42  4:21  Nexus  
  44  4:26  Stalker  
  44  4:28  Probe  
  44  4:30  Probe  
  48  4:31  Stalker  
  48  4:36  Stalker  
  52  4:46  Forge  
  52  4:50  Pylon  
  52  4:54  Pylon  
  52  4:57  Forge  
  52  5:03  Gateway  
  49  5:28  Probe  
  48  5:33  Probe  
  48  5:35  Protoss Ground Armor Level 1 (Chrono Boost)  
  50  5:38  Probe  
  51  5:45  Probe  
  51  5:47  Stalker x3  
  51  5:49  Probe  
  58  5:56  Protoss Shields Level 1 (Chrono Boost)  
  59  5:57  Probe  
  59  5:59  Probe  
  59  6:03  Probe  
  61  6:09  Probe  
  61  6:10  Stalker  
  65  6:11  Stalker, Probe  
  65  6:12  Stalker x2  
  65  6:13  Probe  
  73  6:19  Assimilator  
  73  6:21  Probe  
  73  6:22  Assimilator  
  73  6:24  Pylon, Probe  
  74  6:28  Probe  
  76  6:34  Probe  
  76  6:35  Probe  
  76  6:36  Stalker  
  80  6:40  Probe  
  80  6:45  Probe  
  80  6:46  Probe  
  83  6:47  Pylon, Twilight Council  
  83  6:54  Gateway, Pylon, Stalker  
  83  6:56  Stalker, Probe  
  88  7:07  Assimilator  
  88  7:12  Assimilator  
  88  7:15  Pylon  
  88  7:22  Probe  
  88  7:25  Probe  
  88  7:26  Probe  
  88  7:28  Stalker x3  
  88  7:29  Stalker  
  99  7:32  Protoss Ground Armor Level 2 (Chrono Boost)  
  99  7:33  Blink, Probe  
  100  7:37  Probe, Protoss Ground Weapons Level 1 (Chrono Boost)  
  100  7:38  Pylon, Probe  
  102  7:47  Gateway  
  102  7:51  Gateway  
  102  7:52  Pylon  
  102  8:00  Nexus  
  102  8:01  Stalker  
  102  8:02  Pylon  
  102  8:04  Stalker  
  106  8:08  Probe  
  106  8:11  Probe x2  
  109  8:20  Probe  
  109  8:22  Probe  
  109  8:23  Probe  
  109  8:25  Photon Cannon  
  109  8:26  Stalker x2  
  116  8:28  Stalker  
  116  8:29  Photon Cannon  
  116  8:31  Stalker  
  120  8:43  Photon Cannon  
  120  8:45  Stalker x2  
  124  8:50  Photon Cannon  
  124  8:54  Photon Cannon, Stalker  
  126  8:55  Stalker  
  126  8:59  Stalker  
  130  9:09  Stalker  
  132  9:11  Stalker  
  132  9:15  Stalker  
  136  9:18  Stalker  
  136  9:21  Stalker  
  140  9:30  Protoss Shields Level 2 (Chrono Boost), Protoss Ground Weapons Level 2 (Chrono Boost)  
  140  9:34  Stalker  
  142  9:40  Stalker  
  142  9:41  Stalker  
  142  9:43  Stalker  
  148  9:50  Pylon  
  148  9:51  Pylon  
  148  9:53  Stalker x2  
  148  9:56  Stalker  
  154  10:01  Stalker  
  154  10:04  Stalker  
  154  10:05  Stalker  
  160  10:08  Stalker  
  160  10:13  Pylon  
  162  10:15  Pylon  
  162  10:19  Stalker  
  162  10:20  Stalker  
  166  10:22  Stalker  
  166  10:27  Stalker  
  170  10:28  Stalker  
  170  10:29  Stalker  
  170  10:32  Stalker  
  176  10:54  Gateway  
  176  10:56  Gateway  
  176  11:01  Gateway  
  162  11:09  Stalker x2  
  162  11:10  Stalker x5  
  124  11:29  Protoss Ground Armor Level 3 (Chrono Boost)  
  122  11:36  Stalker x2  
  122  11:37  Stalker x3  
  122  11:39  Stalker x2  
  136  11:47  Protoss Shields Level 3 (Chrono Boost)  
  136  11:53  Assimilator  
  136  11:59  Assimilator  
  136  12:25  Stalker  
  136  12:26  Stalker x4  
  136  12:28  Stalker x3  
  136  12:29  Stalker x2  
  156  12:49  Stalker x2  
  156  12:50  Stalker x2  
  156  12:51  Stalker  
  166  12:52  Stalker x2  
  166  12:53  Stalker x2  
  166  12:55  Stalker  
  96  13:31  Stalker x3  
  96  13:32  Stalker x4  
  96  13:33  Stalker x2  
  90  13:55  Stalker x4  
  96  13:56  Stalker x2  
  96  13:57  Stalker  
  96  13:58  Stalker x3  
  110  14:22  Pylon  
  109  14:41  Nexus  
  105  14:47  Photon Cannon  
  79  14:58  Stalker  
  79  14:59  Stalker x6  
  79  15:01  Stalker  
  79  15:02  Stalker  
  79  15:03  Stalker  
  84  15:22  Protoss Ground Weapons Level 3 (Chrono Boost), Stalker  
  84  15:23  Stalker x2  
  84  15:24  Stalker x3  
  84  15:25  Stalker x3  
Show
View Real Time Build Order
Export as new Build Order

dagame Terran - Winner!

Build Orders:  

Get SALT Encoding   

  12  0:04  SCV  
  13  0:16  SCV  
  14  0:25  Supply Depot  
  14  0:28  SCV  
  15  0:40  Refinery  
  15  0:41  Refinery  
  15  0:53  Barracks  
  15  1:08  Engineering Bay  
  15  1:10  SCV  
  16  1:22  SCV  
  17  1:34  SCV  
  18  1:46  Terran Infantry Weapons Level 1, Supply Depot, SCV  
  19  1:55  Barracks Reactor  
  19  2:05  Orbital Command  
  19  2:15  Bunker  
  19  2:32  Reaper x2  
  21  2:48  Factory  
  21  3:04  Reaper x2  
  23  3:09  Missile Turret  
  23  3:16  Factory  
  23  3:20  SCV  
  24  3:32  SCV  
  25  3:34  Missile Turret  
  25  3:44  SCV  
  26  3:54  Factory Tech Lab  
  26  3:56  Command Center  
  26  4:02  Marine x2  
  28  4:07  Factory Tech Lab  
  28  4:38  Siege Tank x2  
  30  4:41  Marine  
  31  5:07  Marine  
  31  5:08  SCV  
  31  5:09  Bunker  
  31  5:11  Supply Depot  
  33  5:20  SCV  
  34  5:29  SCV  
  35  5:41  SCV  
  36  5:53  SCV  
  37  5:58  Siege Tank x2  
  37  6:01  Marine x2  
  45  6:05  SCV  
  46  6:18  Missile Turret  
  46  6:19  Marine x2  
  46  6:22  Command Center  
  48  6:28  Supply Depot  
  48  6:37  Orbital Command  
  48  6:39  SCV  
  49  6:52  SCV  
  50  6:59  Missile Turret  
  50  7:01  Supply Depot  
  50  7:04  SCV  
  50  7:07  SCV  
  52  7:19  SCV  
  53  7:31  SCV  
  54  7:41  Armory  
  54  7:42  Armory  
  54  7:43  SCV, Hi-Sec Auto Tracking  
  55  7:45  SCV  
  56  7:58  SCV  
  57  8:09  Refinery  
  57  8:10  SCV  
  57  8:11  Refinery  
  57  8:12  Supply Depot  
  58  8:13  Missile Turret  
  58  8:22  SCV  
  58  8:25  Refinery  
  59  8:27  Refinery  
  60  8:34  SCV, Terran Vehicle Weapons Level 1  
  60  8:35  Terran Vehicle And Ship Armor Level 1  
  60  8:39  Factory  
  60  8:40  Building Armor  
  60  8:48  Thor x2  
  72  9:06  Missile Turret  
  72  9:24  Planetary Fortress  
  72  9:33  Supply Depot  
  72  9:44  SCV  
  73  9:50  Factory Tech Lab  
  73  9:56  SCV  
  74  10:01  Thor x2  
  86  10:08  SCV  
  86  10:09  Thor  
  93  10:17  Supply Depot  
  93  10:20  SCV  
  94  10:31  Missile Turret  
  94  10:32  SCV  
  95  11:44  Terran Vehicle Weapons Level 2, Terran Vehicle And Ship Armor Level 2  
  95  11:47  Thor x3  
  113  12:03  Supply Depot  
  113  12:06  SCV  
  114  12:21  Neosteel Frame  
  114  12:30  Thor x3  
  132  13:13  Thor x2  
  144  13:39  Terran Infantry Weapons Level 2  
  144  14:07  Terran Vehicle Weapons Level 3  
  144  14:08  Terran Vehicle And Ship Armor Level 3  
  144  14:21  Supply Depot  
  144  14:42  Starport  
  66  15:17  Thor x3  
  84  15:26  Marine  
  84  15:27  Marine  
  86  15:44  Marine x2  
  88  16:00  Thor x3  
  106  16:15  Thor x3  
  106  16:43  Thor x3  
  106  17:26  Thor x3  
  106  18:08  Thor  
  106  18:09  Thor x2  
  124  18:19  Command Center  
  124  18:21  Refinery  
  124  18:24  Refinery  
  124  18:51  Thor  
  124  18:52  Thor x2  
  142  18:58  Starport Tech Lab  
  142  19:01  Terran Infantry Weapons Level 3  
  88  19:34  Thor x3  
  106  20:17  Thor x3  
  124  21:48  SCV  
  124  21:52  Thor x3  
  143  22:00  SCV  
  144  22:12  SCV  
  145  22:24  SCV  
  146  22:35  Thor x2  
  146  22:36  SCV  
Show
View Real Time Build Order
Export as new Build Order

shadowblades Protoss - Winner!

Build Orders: Phoenix Opening 

Get SALT Encoding   

  12  0:09  Probe (Chrono Boost)  
  13  0:19  Probe (Chrono Boost)  
  14  0:28  Pylon  
  14  0:37  Probe (Chrono Boost)  
  15  0:47  Probe (Chrono Boost)  
  16  0:57  Gateway  
  16  0:58  Probe (Chrono Boost)  
  17  1:08  Assimilator, Probe (Chrono Boost)  
  18  1:19  Probe (Chrono Boost)  
  18  1:25  Pylon  
  19  1:29  Probe (Chrono Boost)  
  20  1:37  Assimilator  
  20  1:40  Probe (Chrono Boost)  
  20  1:44  Cybernetics Core  
  21  1:51  Probe (Chrono Boost)  
  22  2:21  Probe (Chrono Boost)  
  23  2:23  Stargate  
  23  2:35  Nexus  
  23  2:41  Mothership Core (Chrono Boost)  
  23  2:44  Pylon  
  25  2:47  Pylon  
  25  2:55  Protoss Air Weapons Level 1  
  25  3:11  Phoenix  
  28  3:13  Probe (Chrono Boost)  
  28  3:23  Probe (Chrono Boost)  
  29  3:34  Probe (Chrono Boost)  
  30  3:39  Phoenix  
  32  3:44  Probe (Chrono Boost)  
  33  3:55  Probe (Chrono Boost)  
  34  4:00  Probe (Chrono Boost)  
  35  4:05  Probe (Chrono Boost)  
  35  4:07  Phoenix  
  38  4:10  Probe (Chrono Boost)  
  38  4:16  Probe (Chrono Boost)  
  40  4:21  Probe (Chrono Boost)  
  41  4:26  Probe (Chrono Boost)  
  42  4:32  Probe (Chrono Boost)  
  42  4:34  Phoenix  
  42  4:36  Pylon  
  42  4:37  Probe (Chrono Boost)  
  46  4:42  Probe (Chrono Boost)  
  47  4:46  Pylon  
  47  4:48  Probe (Chrono Boost), Fleet Beacon  
  49  4:53  Probe (Chrono Boost)  
  49  4:58  Probe (Chrono Boost)  
  50  5:01  Phoenix  
  50  5:03  Probe (Chrono Boost)  
  53  5:09  Probe (Chrono Boost)  
  53  5:12  Assimilator  
  53  5:14  Assimilator, Probe (Chrono Boost)  
  55  5:19  Probe (Chrono Boost)  
  56  5:24  Probe (Chrono Boost)  
  56  5:26  Phoenix (Chrono Boost)  
  59  5:30  Probe (Chrono Boost)  
  59  5:33  Probe (Chrono Boost)  
  61  5:41  Probe  
  62  5:43  Stargate, Probe  
  62  5:46  Pylon  
  63  5:51  Phoenix (Chrono Boost)  
  63  5:53  Probe  
  66  6:05  Anion Pulse-Crystals (Chrono Boost)  
  66  6:23  Probe  
  66  6:25  Probe  
  68  6:35  Probe  
  68  6:36  Protoss Air Weapons Level 2  
  68  6:37  Probe  
  70  6:40  Forge  
  70  6:47  Probe  
  70  6:49  Probe  
  72  6:55  Twilight Council  
  72  7:00  Nexus, Probe  
  73  7:01  Probe  
  73  7:03  Pylon  
  73  7:07  Cybernetics Core  
  74  7:12  Probe  
  74  7:13  Probe  
  76  7:18  Protoss Shields Level 1  
  76  7:20  Phoenix x2 (Chrono Boost)  
  80  7:35  Probe  
  88  7:37  Probe  
  88  7:41  Assimilator  
  88  7:46  Assimilator  
  88  7:47  Probe  
  88  7:48  Pylon  
  88  7:49  Probe  
  88  7:50  Pylon  
  90  7:52  Pylon  
  90  7:54  Pylon  
  90  7:59  Void Ray (Chrono Boost)  
  94  8:06  Probe x2  
  94  8:07  Void Ray (Chrono Boost)  
  94  8:10  Probe  
  101  8:18  Probe x2  
  104  8:30  Probe x2  
  104  8:33  Protoss Air Armor Level 1  
  105  8:41  Stargate  
  105  8:43  Pylon  
  105  8:47  Void Ray (Chrono Boost)  
  105  8:48  Void Ray (Chrono Boost)  
  113  8:55  Photon Cannon  
  113  9:02  Photon Cannon  
  113  9:08  Photon Cannon  
  113  9:29  Void Ray x2 (Chrono Boost)  
  125  9:33  Void Ray (Chrono Boost)  
  125  10:01  Protoss Shields Level 2  
  125  10:03  Protoss Air Weapons Level 3  
  125  10:07  Void Ray x2 (Chrono Boost)  
  133  10:26  Void Ray (Chrono Boost)  
  137  10:44  Void Ray x2 (Chrono Boost)  
  145  10:53  Nexus  
  145  10:54  Assimilator x2  
  145  10:56  Pylon  
  145  10:57  Pylon  
  145  10:59  Pylon x2  
  145  11:03  Pylon  
  122  11:20  Mothership Core  
  122  11:23  Void Ray (Chrono Boost)  
  122  11:24  Void Ray x2 (Chrono Boost)  
  136  11:30  Protoss Air Armor Level 2  
  136  11:41  Photon Cannon  
  136  11:42  Photon Cannon  
  136  11:43  Photon Cannon  
  136  11:45  Photon Cannon  
  136  11:46  Photon Cannon  
  136  11:47  Photon Cannon  
  136  11:49  Photon Cannon  
  136  11:50  Photon Cannon  
  136  11:52  Photon Cannon  
  136  11:54  Photon Cannon  
  136  12:00  Photon Cannon  
  136  12:01  Void Ray (Chrono Boost), Photon Cannon  
  140  12:03  Photon Cannon  
  140  12:04  Photon Cannon  
  140  12:06  Photon Cannon  
  140  12:07  Photon Cannon  
  140  12:09  Photon Cannon  
  140  12:10  Photon Cannon  
  140  12:12  Photon Cannon  
  140  12:14  Photon Cannon x2  
  140  12:19  Photon Cannon  
  140  12:20  Photon Cannon  
  140  12:22  Photon Cannon  
  140  12:24  Photon Cannon  
  140  12:26  Graviton Catapult  
  140  12:27  Photon Cannon  
  146  12:30  Pylon  
  146  12:31  Pylon  
  146  12:35  Pylon  
  152  12:38  Carrier (Chrono Boost)  
  152  12:54  Protoss Shields Level 3  
  152  12:59  Warp Gate (Chrono Boost)  
  152  13:05  Probe  
  153  13:15  Probe  
  142  13:45  Robotics Facility  
  142  13:55  Carrier x3  
  160  14:37  Observer  
  161  14:38  Protoss Air Armor Level 3 (Chrono Boost)  
  161  14:39  Robotics Bay  
  161  14:58  Observer  
  162  15:09  Carrier x2  
  162  15:12  Carrier  
  162  15:19  Observer  
  101  16:22  Mothership Core  
  101  16:24  Carrier x2  
  103  16:38  Carrier  
  127  17:42  Carrier (Chrono Boost)  
  121  17:46  Carrier (Chrono Boost)  
  133  18:03  Carrier (Chrono Boost)  
  139  18:56  Observer  
  140  19:06  Carrier (Chrono Boost)  
  152  19:17  Observer  
  152  19:20  Carrier (Chrono Boost)  
  159  19:24  Carrier (Chrono Boost)  
  147  20:20  Carrier (Chrono Boost)  
  159  20:39  Carrier (Chrono Boost)  
  164  20:46  Carrier (Chrono Boost)  
  146  21:35  Carrier (Chrono Boost)  
  152  21:53  Carrier (Chrono Boost)  
  148  22:25  Mothership Core  
  150  22:35  Pylon  
  150  22:36  Pylon x2  
  150  22:38  Pylon x2  
  150  22:40  Pylon  
  150  22:43  Pylon  
Show
View Real Time Build Order
Export as new Build Order

brad Protoss 

Build Orders: Double Forge, Blink Stalkers 

Get SALT Encoding   

  12  0:03  Probe (Chrono Boost)  
  14  0:14  Probe (Chrono Boost)  
  14  0:19  Pylon  
  14  0:24  Probe (Chrono Boost)  
  15  0:37  Probe (Chrono Boost)  
  16  0:43  Gateway  
  16  0:45  Assimilator  
  16  0:47  Probe (Chrono Boost)  
  17  0:53  Assimilator  
  17  0:59  Probe (Chrono Boost)  
  17  1:04  Pylon  
  18  1:10  Probe (Chrono Boost)  
  19  1:21  Probe (Chrono Boost)  
  20  1:30  Cybernetics Core  
  20  1:32  Gateway  
  20  1:36  Probe (Chrono Boost)  
  21  1:46  Probe (Chrono Boost)  
  22  1:51  Gateway  
  22  2:02  Gateway  
  22  2:06  Warp Gate (Chrono Boost)  
  22  2:12  Stalker  
  24  2:19  Pylon  
  24  2:26  Stalker  
  26  2:37  Twilight Council  
  26  2:45  Stalker  
  28  2:53  Stalker  
  30  3:02  Stalker  
  32  3:11  Probe  
  33  3:17  Blink (Chrono Boost)  
  33  3:34  Probe  
  34  3:46  Nexus  
  34  4:02  Forge  
  34  4:05  Forge  
  34  4:07  Probe  
  35  4:19  Probe  
  36  4:44  Protoss Ground Weapons Level 1 (Chrono Boost)  
  36  4:46  Probe, Protoss Ground Armor Level 1 (Chrono Boost)  
  37  4:58  Probe  
  38  5:04  Probe  
  39  5:10  Stalker, Probe  
  39  5:11  Stalker x2  
  46  5:16  Stalker, Probe  
  49  5:22  Probe  
  49  5:28  Probe  
  51  5:34  Probe  
  52  5:38  Nexus  
  52  5:40  Probe  
  53  5:46  Probe  
  53  5:49  Pylon  
  54  5:59  Assimilator  
  54  6:02  Assimilator  
  54  6:07  Probe x2  
  54  6:08  Pylon  
  54  6:10  Pylon  
  56  6:14  Pylon  
  56  6:15  Stalker  
  56  6:18  Stalker  
  60  6:19  Probe  
  61  6:31  Probe  
  61  6:32  Protoss Ground Armor Level 2 (Chrono Boost), Protoss Ground Weapons Level 2 (Chrono Boost)  
  62  6:33  Probe  
  63  6:43  Probe  
  63  6:45  Probe  
  65  6:51  Gateway  
  65  6:55  Gateway x2, Probe  
  65  6:57  Probe  
  65  7:00  Gateway  
  67  7:05  Gateway  
  67  7:12  Robotics Facility  
  67  7:20  Gateway  
  67  7:22  Gateway  
  67  7:29  Probe  
  67  7:31  Probe x2  
  70  7:40  Probe  
  70  7:43  Probe x2  
  73  7:50  Probe  
  73  7:55  Stalker x2, Probe x2  
  73  7:56  Stalker x2  
  84  8:01  Probe  
  84  8:02  Observer  
  86  8:19  Pylon  
  86  8:20  Pylon  
  86  8:21  Pylon  
  86  8:27  Stalker x4  
  86  8:28  Stalker x3  
  100  8:53  Stalker x5  
  100  8:54  Stalker x2  
  100  8:55  Probe  
  114  8:56  Probe x2  
  117  9:05  Assimilator  
  117  9:07  Assimilator  
  117  9:09  Observer  
  118  9:22  Protoss Ground Weapons Level 3 (Chrono Boost), Protoss Ground Armor Level 3 (Chrono Boost)  
  118  9:31  Observer  
  109  9:43  Stalker x2  
  109  9:44  Stalker x4  
  109  9:45  Stalker x2  
  125  9:50  Pylon  
  125  9:52  Pylon  
  125  9:54  Pylon  
  125  9:56  Pylon  
  125  9:57  Pylon  
  125  10:11  Stalker x3  
  125  10:12  Stalker x3  
  137  10:15  Stalker  
  61  11:18  Stalker  
  61  11:19  Stalker x4  
  61  11:20  Stalker x4  
  61  11:21  Stalker x2  
  83  11:46  Stalker x5  
  83  11:47  Stalker x6  
  105  12:12  Stalker  
  105  12:13  Stalker x7  
  105  12:14  Stalker x3  
  127  12:21  Protoss Shields Level 1 (Chrono Boost)  
  127  12:36  Stalker x5  
  127  12:37  Stalker x2  
  61  13:37  Stalker x4  
  61  13:38  Stalker x4  
  61  13:39  Stalker x3  
  81  14:01  Stalker x4  
  81  14:02  Stalker x5  
  99  14:03  Stalker x2  
  103  14:24  Stalker x3  
  103  14:25  Stalker x4  
  117  14:53  Stalker x4  
  117  14:54  Stalker x2  
  75  16:03  Stalker x5  
  75  16:04  Stalker x4  
  87  16:05  Stalker x2  
  59  16:27  Stalker x2  
  59  16:28  Stalker x4  
  59  16:29  Stalker  
  46  17:02  Zealot  
  46  17:03  Zealot x5  
  46  17:04  Zealot  
  54  17:22  Stalker x2  
  56  17:23  Stalker  
  60  18:05  Stalker x4  
  60  18:21  Stalker  
  62  20:15  Stalker x4  
  62  20:16  Stalker x4  
Show
View Real Time Build Order
Export as new Build Order

Winthrowe Terran 

Build Orders:  

Get SALT Encoding   

  12  0:02  SCV  
  13  0:15  SCV  
  14  0:27  Supply Depot  
  14  0:35  SCV  
  15  0:46  Refinery x2  
  15  0:49  SCV  
  16  0:54  Barracks  
  16  1:01  SCV  
  17  1:13  SCV  
  18  1:25  SCV  
  19  1:37  SCV  
  20  1:46  Factory  
  20  1:49  SCV  
  20  1:51  Barracks Reactor  
  21  2:01  SCV  
  22  2:13  SCV  
  23  2:26  Orbital Command  
  23  2:34  Supply Depot  
  23  2:41  Starport  
  23  2:45  Factory Tech Lab  
  23  2:56  Marine x2  
  25  3:05  Supply Depot  
  25  3:12  SCV  
  26  3:14  Marine x2  
  28  3:31  Marine x2, Supply Depot  
  30  3:38  Barracks  
  30  3:42  Factory Tech Lab  
  30  3:51  Marine  
  30  3:52  Marine  
  30  3:53  Supply Depot  
  32  4:01  Raven  
  34  4:14  Fusion Core  
  34  4:48  Marine x2  
  34  4:52  Barracks Tech Lab  
  36  4:57  Cyclone  
  39  5:03  Infernal Pre-Igniter  
  39  5:10  Corvid Reactor  
  39  5:29  Cyclone  
  39  5:34  Command Center  
  38  5:59  Marine x2, Marauder  
  42  6:17  Marine x2  
  44  6:20  Marauder  
  46  6:33  Cyclone  
  46  6:34  Marine  
  46  6:35  Marine  
  51  6:42  Marauder  
  53  6:47  SCV  
  53  6:48  SCV  
  53  6:52  Marine x2  
  57  6:56  Refinery  
  57  6:59  SCV  
  57  7:00  SCV  
  59  7:03  Marauder  
  59  7:05  Cyclone  
  64  7:10  Marine x2  
  66  7:17  Medivac  
  66  7:22  Refinery  
  68  7:24  Marauder  
  68  7:28  Marine x2  
  72  7:46  Marauder  
  72  7:48  Engineering Bay  
  74  8:02  Marine x2  
  76  8:07  Marauder  
  78  8:16  Armory  
  78  8:18  Orbital Command  
  78  8:28  Marine x2, Battlecruiser, Supply Depot  
  86  8:44  Supply Depot  
  86  8:49  Marine, Marauder  
  86  8:51  Supply Depot  
  89  8:58  Marine  
  90  9:07  Supply Depot  
  90  9:11  Marauder  
  90  9:14  Supply Depot  
  92  9:24  Marine  
  92  9:25  Marine  
  92  9:30  Supply Depot  
  94  9:32  Medivac, Marauder  
  94  9:33  Terran Infantry Weapons Level 1  
  98  9:38  Terran Vehicle Weapons Level 1  
  98  9:42  Marine  
  98  9:43  Marine  
  100  9:52  Supply Depot  
  100  9:54  Marauder  
  102  10:00  Marine  
  103  10:16  Marauder  
  103  10:17  Marine  
  103  10:18  Marine  
  107  10:34  Marine  
  108  10:37  Marauder  
  108  10:38  Thor  
  116  10:43  Medivac  
  81  11:13  Medivac  
  57  11:24  Marauder  
  57  11:25  Marine x2  
  55  11:27  Terran Infantry Armor Level 1  
  55  11:29  Thor  
  59  11:33  Terran Vehicle And Ship Armor Level 1  
  50  11:43  Marine x2  
  50  11:45  Marauder  
  54  12:00  Marine  
  55  12:01  Marine  
  55  12:07  Marauder  
  58  12:18  Marine  
  58  12:19  Marine  
  60  12:28  Marauder  
  62  12:36  Marine  
  62  12:37  Marine, Battlecruiser  
  70  12:50  Marauder  
  72  13:19  Marauder  
  70  13:27  Terran Ship Weapons Level 1  
  62  13:36  SCV x2  
  62  13:40  Marauder  
  52  13:41  Battlecruiser  
  52  13:48  SCV  
  53  13:49  SCV  
  54  14:00  SCV  
  55  14:13  Marauder  
  57  14:33  Starport  
  57  14:34  Marauder  
  59  14:45  Battlecruiser  
  59  14:50  Command Center  
  59  14:56  Marauder  
  61  15:09  Marine x2  
  63  15:17  Marine  
  64  15:23  Refinery  
  64  15:26  Marine  
  64  15:27  Marine, Refinery  
  66  15:34  Marine  
  67  15:40  Starport Reactor  
  67  15:44  Marine  
  67  15:49  Battlecruiser, Cyclone  
  77  16:22  Cyclone  
  80  16:53  Viking  
  82  16:55  Viking x2  
  86  17:23  Viking  
  86  17:27  Viking x2  
  74  17:53  Raven  
  61  18:36  Banshee  
  64  19:11  Viking  
  66  19:19  Battlecruiser  
  53  19:48  Marine x3  
  53  19:52  Viking  
  58  19:53  Viking  
  53  20:05  Marine  
  53  20:06  Marine x2  
  32  20:22  Viking  
  32  20:23  Marine, Battlecruiser  
  32  20:24  Marine x2  
  38  20:41  Marine  
  38  20:42  Marine x2  
  27  20:59  Marine  
  24  21:07  Marine  
  24  21:08  Marine  
  25  21:17  Marine  
  20  21:25  Marine  
  21  21:30  Marine  
  11  21:48  Marine  
Show
View Real Time Build Order
Export as new Build Order

Deiv Protoss 

Build Orders:  

Get SALT Encoding   

  12  0:03  Probe (Chrono Boost)  
  13  0:18  Pylon, Probe (Chrono Boost)  
  14  0:29  Probe (Chrono Boost)  
  14  0:35  Assimilator  
  15  0:40  Probe (Chrono Boost)  
  16  0:45  Assimilator  
  16  0:50  Probe (Chrono Boost)  
  17  1:00  Gateway  
  17  1:08  Pylon  
  17  1:15  Probe (Chrono Boost)  
  19  1:25  Probe (Chrono Boost)  
  19  1:49  Probe (Chrono Boost)  
  19  1:50  Pylon  
  20  1:54  Cybernetics Core  
  20  2:02  Probe (Chrono Boost)  
  21  2:18  Nexus  
  21  2:22  Probe (Chrono Boost)  
  22  2:33  Probe (Chrono Boost)  
  22  2:35  Stargate  
  23  2:43  Probe (Chrono Boost)  
  24  2:57  Probe (Chrono Boost)  
  25  3:07  Probe (Chrono Boost)  
  26  3:18  Probe (Chrono Boost)  
  27  3:24  Nexus  
  27  3:28  Probe (Chrono Boost)  
  28  3:36  Probe (Chrono Boost)  
  28  3:39  Probe (Chrono Boost)  
  28  3:40  Pylon  
  30  3:47  Probe (Chrono Boost)  
  31  3:49  Probe (Chrono Boost)  
  31  3:54  Assimilator  
  32  3:57  Probe (Chrono Boost)  
  32  3:59  Void Ray  
  32  4:00  Probe (Chrono Boost)  
  38  4:08  Probe (Chrono Boost)  
  39  4:10  Probe (Chrono Boost)  
  40  4:19  Probe (Chrono Boost)  
  40  4:21  Probe (Chrono Boost)  
  36  4:42  Void Ray (Chrono Boost)  
  40  4:51  Probe  
  41  5:00  Assimilator  
  41  5:01  Probe  
  41  5:02  Probe  
  41  5:03  Probe  
  44  5:11  Probe  
  44  5:13  Probe  
  45  5:15  Probe  
  45  5:20  Void Ray (Chrono Boost)  
  51  5:24  Probe  
  51  5:27  Probe  
  52  5:34  Probe x2  
  54  5:38  Probe  
  54  5:42  Stargate  
  56  5:45  Probe  
  56  5:46  Probe, Fleet Beacon  
  56  5:48  Probe  
  58  5:53  Pylon  
  58  5:55  Probe  
  58  5:56  Pylon  
  60  5:58  Probe  
  60  5:59  Probe  
  62  6:06  Probe  
  62  6:09  Void Ray (Chrono Boost)  
  67  6:16  Probe  
  68  6:20  Forge  
  68  6:25  Pylon  
  68  6:32  Graviton Catapult  
  68  6:35  Probe  
  69  6:41  Probe  
  69  6:43  Assimilator  
  69  6:45  Assimilator  
  69  6:46  Probe  
  70  6:48  Pylon  
  70  6:51  Pylon  
  70  6:53  Probe  
  72  6:56  Protoss Shields Level 1  
  72  6:57  Carrier (Chrono Boost), Probe  
  72  6:58  Carrier (Chrono Boost)  
  85  7:05  Probe  
  85  7:07  Photon Cannon  
  86  7:08  Photon Cannon  
  86  7:10  Probe  
  87  7:17  Probe  
  87  7:18  Photon Cannon  
  87  7:22  Probe  
  89  7:29  Probe  
  90  7:31  Probe  
  90  7:35  Probe  
  92  7:41  Probe  
  92  7:42  Probe  
  94  7:46  Pylon  
  94  7:49  Pylon  
  94  7:53  Pylon  
  94  7:58  Stargate  
  94  8:02  Stargate  
  94  8:09  Stargate  
  94  8:14  Robotics Facility  
  94  8:21  Carrier x2 (Chrono Boost)  
  106  8:27  Mothership Core  
  108  8:36  Pylon  
  108  8:39  Pylon  
  108  8:42  Pylon  
  126  9:01  Carrier (Chrono Boost)  
  126  9:04  Twilight Council  
  126  9:05  Carrier x2 (Chrono Boost)  
  132  9:27  Photon Cannon  
  132  9:29  Photon Cannon  
  132  9:33  Photon Cannon  
  132  9:41  Observer  
  132  9:44  Protoss Air Weapons Level 1  
  133  9:59  Carrier (Chrono Boost)  
  139  10:03  Observer  
  140  10:20  Tempest x2 (Chrono Boost)  
  152  10:27  Nexus  
  152  10:29  Pylon  
  152  10:33  Pylon  
  152  10:36  Pylon  
  152  10:39  Assimilator  
  152  10:42  Assimilator  
  164  11:01  Carrier (Chrono Boost)  
  164  11:02  Carrier (Chrono Boost)  
  164  11:38  Protoss Air Armor Level 1, Carrier x2 (Chrono Boost)  
  176  11:41  Carrier (Chrono Boost)  
  194  12:16  Tempest (Chrono Boost)  
  194  12:20  Tempest (Chrono Boost)  
  194  12:44  Protoss Shields Level 2  
  194  12:53  Carrier (Chrono Boost)  
  145  13:35  Mothership Core  
  147  13:48  Carrier x3 (Chrono Boost)  
  171  13:59  Carrier (Chrono Boost)  
  171  14:07  Carrier (Chrono Boost)  
  183  14:27  Protoss Air Armor Level 2  
  165  15:02  Carrier x2 (Chrono Boost)  
  171  15:12  Carrier (Chrono Boost)  
  189  15:22  Carrier (Chrono Boost)  
  189  15:25  Carrier (Chrono Boost)  
  153  16:17  Carrier x2 (Chrono Boost)  
  165  16:27  Carrier (Chrono Boost)  
  177  16:43  Protoss Air Weapons Level 2  
  177  16:51  Carrier (Chrono Boost)  
  183  17:31  Carrier x3 (Chrono Boost)  
  187  17:41  Carrier (Chrono Boost)  
  151  18:07  Nexus  
  151  18:16  Carrier (Chrono Boost)  
  151  18:17  Observer  
  152  18:28  Assimilator  
  152  18:34  Assimilator  
  152  18:45  Carrier (Chrono Boost)  
  152  18:46  Carrier (Chrono Boost)  
  164  18:49  Pylon  
  164  18:53  Pylon  
  138  19:19  Carrier (Chrono Boost)  
  138  19:20  Carrier (Chrono Boost)  
Show
View Real Time Build Order
Export as new Build Order

Grizzlemania Terran 

Build Orders: Bio Mine 

Get SALT Encoding   

  12  0:01  SCV  
  13  0:13  SCV  
  14  0:26  SCV, Supply Depot  
  15  0:32  Refinery  
  15  0:50  SCV  
  15  0:55  Barracks  
  16  0:59  Supply Depot  
  16  1:03  SCV  
  17  1:22  Barracks  
  17  1:23  SCV  
  18  1:38  Refinery  
  18  1:39  SCV  
  19  1:42  Marine  
  19  1:43  Supply Depot  
  20  1:51  SCV  
  21  1:59  Factory  
  21  2:04  SCV  
  21  2:07  Marine  
  23  2:14  Barracks Tech Lab  
  23  2:17  SCV  
  24  2:27  Barracks Reactor  
  24  2:32  Marine  
  24  2:33  Combat Shields  
  25  2:38  SCV  
  25  2:43  Factory Reactor  
  26  2:51  Orbital Command  
  28  2:58  Marauder  
  28  3:05  Reaper x2  
  30  3:18  SCV  
  31  3:22  Engineering Bay  
  31  3:30  Supply Depot  
  31  3:31  Widow Mine  
  31  3:34  Widow Mine  
  33  3:37  Reaper  
  33  3:38  Reaper  
  33  3:40  Reaper  
  38  4:04  Command Center  
  35  4:20  SCV  
  35  5:01  SCV  
  35  5:02  Command Center  
  33  5:42  Starport  
  32  5:44  Widow Mine  
  32  5:45  Marine x2  
  32  5:46  Starport  
  32  5:47  Marauder  
  32  5:48  Stimpack  
  38  5:53  Factory  
  38  5:54  SCV  
  39  6:00  Widow Mine  
  39  6:03  Marine x2  
  43  6:06  SCV x2  
  43  6:08  Marauder  
  47  6:21  Marine  
  47  6:22  SCV  
  47  6:24  Missile Turret  
  49  6:27  SCV  
  49  6:29  Missile Turret, Marauder  
  52  6:34  SCV  
  52  6:37  Factory Tech Lab  
  53  6:42  Starport Reactor  
  53  6:43  Starport Tech Lab  
  54  6:47  SCV  
  54  6:48  Marine x2  
  56  6:55  Missile Turret  
  56  6:59  SCV  
  56  7:00  Widow Mine  
  59  7:02  Widow Mine  
  59  7:06  Siege Tank  
  64  7:11  SCV x2  
  64  7:15  Orbital Command  
  66  7:23  SCV  
  66  7:24  SCV  
  66  7:25  Missile Turret  
  66  7:26  Raven  
  70  7:31  Corvid Reactor  
  70  7:34  Widow Mine  
  72  7:41  SCV  
  73  7:52  Missile Turret, SCV  
  73  7:58  Missile Turret, SCV  
  74  8:01  Viking  
  77  8:07  Viking, Missile Turret  
  77  8:09  Missile Turret  
  77  8:11  SCV  
  77  8:12  Hi-Sec Auto Tracking  
  80  8:16  Engineering Bay  
  80  8:17  Widow Mine  
  82  8:23  Supply Depot  
  82  8:34  Orbital Command  
  82  8:36  Missile Turret, SCV  
  82  8:39  Refinery  
  83  8:41  Refinery  
  83  8:48  Missile Turret  
  83  9:03  Widow Mine  
  85  9:12  Armory  
  85  9:13  Terran Infantry Weapons Level 1  
  85  9:15  Building Armor  
  75  9:44  Widow Mine  
  77  9:51  Missile Turret  
  77  9:53  SCV  
  77  9:54  Missile Turret  
  77  9:56  Missile Turret  
  77  9:58  Missile Turret  
  78  10:04  Missile Turret  
  78  10:05  Drilling Claws  
  78  10:17  Armory, Terran Vehicle Weapons Level 1  
  78  10:20  SCV  
  79  10:30  Starport  
  79  10:33  SCV, Refinery  
  79  10:35  Refinery  
  80  10:39  Refinery  
  80  10:40  SCV  
  81  10:46  Marine x2  
  81  10:48  Marauder  
  85  10:52  SCV, Widow Mine  
  88  11:02  Thor  
  94  11:04  Marine  
  94  11:10  Marauder  
  97  11:50  Thor  
  103  11:55  Starport Tech Lab  
  103  11:57  Fusion Core  
  103  12:00  Starport  
  103  12:11  Missile Turret  
  103  12:14  SCV  
  104  12:18  Banshee  
  104  12:20  Hyperflight Rotors  
  107  12:23  Cloaking Field  
  107  12:26  Terran Ship Weapons Level 1, SCV  
  108  12:30  Marine, Supply Depot  
  109  12:37  Marine, Banshee  
  109  12:43  Supply Depot  
  113  12:44  Supply Depot  
  113  12:46  Starport Tech Lab  
  113  12:48  Marine, Supply Depot  
  114  12:51  Starport  
  114  12:54  Weapon Refit  
  114  12:55  Marine  
  114  12:56  SCV  
  116  13:05  Marine  
  116  13:07  Banshee, Supply Depot  
  116  13:08  SCV  
  116  13:09  Banshee  
  124  13:12  Marine  
  124  13:14  Terran Vehicle And Ship Armor Level 1  
  124  13:15  Supply Depot  
  124  13:18  Terran Infantry Armor Level 1  
  125  13:20  Terran Infantry Weapons Level 2  
  125  13:23  Marine  
  126  13:30  Marine  
  127  13:41  Marine  
  127  13:48  Marine  
  129  13:59  Marine  
  130  14:06  Marine  
  131  14:18  Battlecruiser, Starport Tech Lab  
  131  14:20  Battlecruiser  
  143  14:30  Battlecruiser  
  120  15:49  Marine x2  
  114  15:53  Marauder  
  114  15:57  Widow Mine  
  109  15:59  Widow Mine  
  88  16:21  Battlecruiser  
  59  17:02  Battlecruiser x2  
  59  17:03  Battlecruiser  
  59  17:07  SCV  
  78  17:15  SCV  
  79  17:19  SCV  
  80  17:25  Factory  
  80  17:27  Factory  
  80  17:42  Barracks Reactor  
  80  17:51  Terran Ship Weapons Level 2  
  80  17:52  Terran Vehicle And Ship Armor Level 2  
  80  18:06  Viking  
  80  18:07  Viking  
  84  18:16  Command Center  
  84  18:20  Battlecruiser  
  84  18:27  Factory Reactor  
  90  18:28  Factory Tech Lab  
  90  18:30  Marine x2  
  92  18:47  Battlecruiser, Missile Turret  
  92  18:48  Marine x2  
  100  18:57  Siege Tank  
  103  19:07  Missile Turret  
  103  19:19  Supply Depot  
  103  19:23  Battlecruiser  
  88  21:05  Battlecruiser  
  88  21:06  Battlecruiser  
  88  21:07  Battlecruiser  
  105  21:47  Supply Depot  
  105  21:51  Barracks  
  105  21:58  Supply Depot  
Tags
 
Add a new tag
Caveats
  • Supply blocks, unpowered buildings, or Contaminate may cause inaccurate times.
  • Supply counts are checked every 10 seconds.